 Dungeon Crawl Stone Soup version 0.17-a0-1648-g0a089d4 (webtiles) character file.

238 matakusis the Ducker (level 5, -2/41 HPs)
             Began as a Demonspawn Gladiator on Aug 12, 2015.
             Was an Initiate of Fedhas.
             Killed from afar by Dowan (12 damage)
             ... with a puff of flame
             ... on level 4 of the Dungeon.
             The game lasted 00:15:25 (3204 turns).

matakusis the Ducker (Demonspawn Gladiator)         Turns: 3204, Time: 00:15:26

Health: -2/41      AC:  0    Str: 22    XL:     5   Next: 78%
Magic:  5/5        EV: 15    Int:  9    God:    Fedhas [......]
Gold:   175        SH:  0    Dex: 13    Spells: 0 memorised, 4 levels left

rFire  . . .     SeeInvis .     (weapon currently unavailable)
rCold  . . .     Clarity  .     (armour currently unavailable)
rNeg   + . .     SustAt   .     (shield currently unavailable)
rPois  .         Gourm    .     (helmet currently unavailable)
rElec  .         Spirit   .     (cloak currently unavailable)
rCorr  .         Warding  +     (gloves currently unavailable)
rMut   .         Stasis   .     (boots currently unavailable)
MR     .....                    l - amulet of warding
Stlth  +.........               (ring currently unavailable)
                                (ring currently unavailable)

@: confused, mighty, pig-form (expiring), drained, very quick, not resistant to
hostile enchantments, very unstealthy
A: (horns 0)
a: Renounce Religion


You were on level 4 of the Dungeon.
You worshipped Fedhas.
Fedhas was noncommittal.
You were hungry.
You were a filthy swine.
You visited 1 branch of the dungeon, and saw 4 of its levels.

You collected 175 gold pieces.

Inventory:

Hand weapons
 a - a +1 war axe
 c - a +1 mace of protection (melded)
Missiles
 d - 3 throwing nets (quivered)
 o - 4 tomahawks
Armour
 b - a +0 leather armour (melded)
 g - a +1 cloak (melded)
 q - a cursed -2 pair of gloves (melded)
Magical staves
 n - an uncursed staff of power
Jewellery
 l - an amulet of warding (around neck)
Scrolls
 h - 2 scrolls of magic mapping
Potions
 p - a potion of mutation {unknown}
 r - a potion of ambrosia
Miscellaneous
 m - a plain deck of defence
Comestibles
 e - 4 bread rations
 f - 11 fruits
 k - a meat ration


   Skills:
 + Level 3.1(2.1) Fighting
 + Level 3.5(2.4) Axes
 - Level 1.7(0.7) Throwing
 + Level 2.0(1.0) Armour
 + Level 4.3(3.3) Dodging


You had 4 spell levels left.
You didn't know any spells.

Dungeon Overview and Level Annotations

Branches:
Dungeon (4/15)
 Temple: D:4-7

Altars:
Fedhas
Gozag
Nemelex Xobeh

Annotations:
D:4 Dowan, Duvessa


Innate Abilities, Weirdness & Mutations

((You have a pair of horns on your head.))


Message History

It was a potion of ambrosia.
You are confused.
You feel invigorated.
Duvessa hits you with a short sword of draining.
* * * LOW HITPOINT WARNING * * *
You partially resist.
You feel drained. Dowan hits you with a dagger.
* * * LOW HITPOINT WARNING * * *
You bump into the rock wall.
Duvessa zaps a wand.
Dowan barely misses you.
Duvessa zaps a wand.
You resist with some effort.
You bump into the rock wall.
Duvessa zaps a wand.
Dowan barely misses you.
You hit Dowan.
Dowan is lightly wounded.
Your transformation is almost over.
Duvessa hits you with a short sword of draining!
* * * LOW HITPOINT WARNING * * *
You partially resist.
You feel drained. Dowan gestures at you while chanting.
The puff of flame hits you!
You die...
Fedhas appreciates your contribution to the ecosystem.

###..........
.......#####.
#.# ###....#
... ##.### #.#
#.# #.# #.# #.#
#+# #.# #e###
###he.#
##.###.#
####...##.#
+.......#.#####
#..........#
###.######.#
#.....# #.#
#.#.### #.#
#.._..# #.#


You could see Duvessa and Dowan.

Vanquished Creatures
  An orc priest (D:3)
  3 orc wizards
  4 adders
  An ooze (D:2)
  3 worms
  5 giant geckos
  9 orcs
  5 bats
  4 giant cockroaches
  7 goblins
  9 hobgoblins
  11 jackals
  4 kobolds
  3 ball pythons
  7 giant newts
  10 rats
86 creatures vanquished.

Vanquished Creatures (others)
  6 toadstools (D:3)
6 creatures vanquished.

Grand Total: 92 creatures vanquished

Notes
Turn   | Place    | Note
--------------------------------------------------------------
     0 | D:1      | matakusis the Demonspawn Gladiator began the quest for the Orb.
     0 | D:1      | Reached XP level 1. HP: 16/16 MP: 1/1
    70 | D:1      | Reached skill level 3 in Dodging
    79 | D:1      | Gained mutation: You have a pair of small horns on your head. [demonic ancestry]
    79 | D:1      | Reached XP level 2. HP: 22/22 MP: 2/2
   393 | D:1      | Found a sparkling altar of Nemelex Xobeh.
   548 | D:2      | Gained mutation: You have a pair of horns on your head. [demonic ancestry]
   548 | D:2      | Reached XP level 3. HP: 24/27 MP: 3/3
  1330 | D:2      | Reached XP level 4. HP: 29/34 MP: 4/4
  2072 | D:3      | Reached skill level 1 in Armour
  2073 | D:3      | Reached skill level 4 in Dodging
  2187 | D:3      | Reached XP level 5. HP: 5/39 MP: 5/5
  2366 | D:3      | Found a blossoming altar of Fedhas.
  2374 | D:3      | Became a worshipper of Fedhas Madash
  3155 | D:4      | Found an opulent altar of Gozag.
  3184 | D:4      | Noticed Duvessa
  3187 | D:4      | Noticed Dowan
  3199 | D:4      | HP: 1/41 [Duvessa/short sword of draining (8)]
  3204 | D:4      | Killed from afar by Dowan

Vault maps used:
D:1:      scummos_arrival_forest, kennysheep_crisscross, nemelex_deck
D:3:      nicolae_overflow_crystal_walls, first_bread
D:4:      nicolae_gozag_cash_rules_everything_around_me, uniq_duvessa

Action                   |  1- 3 |  4- 6 || total
-------------------------+-------+-------++-------
Melee: War axe           |   118 |   103 ||   221
       Mace              |       |    24 ||    24
       Unarmed           |       |    11 ||    11
  Use: Scroll            |       |    11 ||    11
       Potion            |       |     5 ||     5
 Stab: Sleeping          |     1 |       ||     1
  Eat: Chunk             |     1 |     5 ||     6
       Fruit             |       |     1 ||     1
